Workbook

Sheet Übersicht
A1: Kostenberechnung nach DIN 276 – Excel Vorlage
A2: Beispieldaten für ein Bauprojekt. Weiße Eingabefelder können frei angepasst werden.
A4: Projektname | B4: Neubau Mehrfamilienhaus Musterprojekt | D4: Projektart | E4: Wohngebäude
A5: Bauherr / Auftraggeber | B5: Musterbau GmbH | D5: Projektadresse | E5: Musterstraße 12, 10115 Berlin
A6: Bearbeiter | B6: Max Beispiel | D6: Version | E6: v1.0
A7: Datum | B7: 46140 | D7: Planungsphase | E7: Kostenberechnung
A8: DIN-276-Stand | B8: DIN 276:2018-12 | D8: MwSt.-Satz | E8: 0.19
A9: Gesamtbudget netto | B9: 717000 | D9: Währung | E9: EUR
A11: Gesamtkosten netto | C11: Mehrwertsteuer | E11: Gesamtkosten brutto | G11: Budget netto | I11: Abweichung netto
A12: =SUM(C18:C25) -> 700774 | C12: =A12*$E$8 -> 133147.06 | E12: =A12+C12 -> 833921.06 | G12: =$B$9 -> 717000 | I12: =A12-G12 -> -16226 | K12: =IF($B$9=0,"Kein Budget",IF(I12<=0,"Im Budget",IF(I12/$B$9<=0.05,"Achtung","Überschritten"))) -> Im Budget
A17: KG | B17: Kostengruppe | C17: Kosten netto | D17: Budget netto | E17: Abweichung € | F17: Abweichung % | G17: Anteil an Gesamtkosten | H17: Status
A18: 100 | B18: Grundstück | C18: =SUMIFS(Kostenberechnung!$K$6:$K$45,Kostenberechnung!$B$6:$B$45,A18,Kostenberechnung!$A$6:$A$45,"Ja") -> 132000 | D18: 135000 | E18: =C18-D18 -> -3000 | F18: =IFERROR(E18/D18,0) -> -0.022222222 | G18: =IFERROR(C18/$A$12,0) -> 0.18836315 | H18: =IF(E18<=0,"Im Budget",IF(F18<=0.05,"Achtung","Überschritten")) -> Im Budget
A19: 200 | B19: Vorbereitende Maßnahmen | C19: =SUMIFS(Kostenberechnung!$K$6:$K$45,Kostenberechnung!$B$6:$B$45,A19,Kostenberechnung!$A$6:$A$45,"Ja") -> 24150 | D19: 26000 | E19: =C19-D19 -> -1850 | F19: =IFERROR(E19/D19,0) -> -0.071153846 | G19: =IFERROR(C19/$A$12,0) -> 0.034461895 | H19: =IF(E19<=0,"Im Budget",IF(F19<=0.05,"Achtung","Überschritten")) -> Im Budget
A20: 300 | B20: Bauwerk – Baukonstruktionen | C20: =SUMIFS(Kostenberechnung!$K$6:$K$45,Kostenberechnung!$B$6:$B$45,A20,Kostenberechnung!$A$6:$A$45,"Ja") -> 192294 | D20: 195000 | E20: =C20-D20 -> -2706 | F20: =IFERROR(E20/D20,0) -> -0.013876923 | G20: =IFERROR(C20/$A$12,0) -> 0.2744023 | H20: =IF(E20<=0,"Im Budget",IF(F20<=0.05,"Achtung","Überschritten")) -> Im Budget
A21: 400 | B21: Bauwerk – Technische Anlagen | C21: =SUMIFS(Kostenberechnung!$K$6:$K$45,Kostenberechnung!$B$6:$B$45,A21,Kostenberechnung!$A$6:$A$45,"Ja") -> 191535 | D21: 190000 | E21: =C21-D21 -> 1535 | F21: =IFERROR(E21/D21,0) -> 0.0080789474 | G21: =IFERROR(C21/$A$12,0) -> 0.27331922 | H21: =IF(E21<=0,"Im Budget",IF(F21<=0.05,"Achtung","Überschritten")) -> Achtung
A22: 500 | B22: Außenanlagen und Freiflächen | C22: =SUMIFS(Kostenberechnung!$K$6:$K$45,Kostenberechnung!$B$6:$B$45,A22,Kostenberechnung!$A$6:$A$45,"Ja") -> 42815 | D22: 45000 | E22: =C22-D22 -> -2185 | F22: =IFERROR(E22/D22,0) -> -0.048555556 | G22: =IFERROR(C22/$A$12,0) -> 0.06109673 | H22: =IF(E22<=0,"Im Budget",IF(F22<=0.05,"Achtung","Überschritten")) -> Im Budget
A23: 600 | B23: Ausstattung und Kunstwerke | C23: =SUMIFS(Kostenberechnung!$K$6:$K$45,Kostenberechnung!$B$6:$B$45,A23,Kostenberechnung!$A$6:$A$45,"Ja") -> 25500 | D23: 30000 | E23: =C23-D23 -> -4500 | F23: =IFERROR(E23/D23,0) -> -0.15 | G23: =IFERROR(C23/$A$12,0) -> 0.036388336 | H23: =IF(E23<=0,"Im Budget",IF(F23<=0.05,"Achtung","Überschritten")) -> Im Budget
A24: 700 | B24: Baunebenkosten | C24: =SUMIFS(Kostenberechnung!$K$6:$K$45,Kostenberechnung!$B$6:$B$45,A24,Kostenberechnung!$A$6:$A$45,"Ja") -> 73980 | D24: 76000 | E24: =C24-D24 -> -2020 | F24: =IFERROR(E24/D24,0) -> -0.026578947 | G24: =IFERROR(C24/$A$12,0) -> 0.10556899 | H24: =IF(E24<=0,"Im Budget",IF(F24<=0.05,"Achtung","Überschritten")) -> Im Budget
A25: 800 | B25: Finanzierung | C25: =SUMIFS(Kostenberechnung!$K$6:$K$45,Kostenberechnung!$B$6:$B$45,A25,Kostenberechnung!$A$6:$A$45,"Ja") -> 18500 | D25: 20000 | E25: =C25-D25 -> -1500 | F25: =IFERROR(E25/D25,0) -> -0.075 | G25: =IFERROR(C25/$A$12,0) -> 0.026399381 | H25: =IF(E25<=0,"Im Budget",IF(F25<=0.05,"Achtung","Überschritten")) -> Im Budget
A28: Kurzanleitung
A29: 1 | B29: Projektdaten und Budget auf dieser Seite ausfüllen.
A30: 2 | B30: Positionen in „Kostenberechnung“ ergänzen oder bestehende Beispielwerte überschreiben.
A31: 3 | B31: KG, Einheit, Planungsphase und Status über Dropdowns auswählen.
A32: 4 | B32: Summen, Abweichungen und Diagramme werden automatisch aus den Positionen berechnet.
A33: 5 | B33: Für neue Projektstände einfach eine neue Version der Datei speichern.

Sheet Kostenberechnung
A1: Kostenberechnung nach DIN 276
A2: Erfasse hier alle Positionen. Die Übersicht berechnet Summen, Budgetabweichungen und Diagramme automatisch.
A5: Aktiv | B5: KG | C5: Kostengruppe | D5: Untergruppe | E5: Position | F5: Beschreibung / Annahme | G5: Menge | H5: Einheit | I5: Einzelpreis netto | J5: Zuschlag / Risiko % | K5: Gesamt netto | L5: MwSt % | M5: Gesamt brutto | N5: Quelle / Angebot | O5: Verantwortlich | P5: Planungsphase | Q5: Status | R5: Bemerkungen
A6: Ja | B6: 100 | C6: =IF(B6="","",IFERROR(VLOOKUP(B6,Listen!$A$3:$B$10,2,FALSE),"")) -> Grundstück | D6: 110 | E6: Grundstückswert | F6: Annahme: Kaufpreis laut Projektkalkulation | G6: 1 | H6: pauschal | I6: 120000 | J6: 0 | K6: =IF($A6="Ja",IFERROR($G6*$I6*(1+$J6),0),0) -> 120000 | L6: =Übersicht!$E$8 -> 0.19 | M6: =IFERROR($K6*(1+$L6),0) -> 142800 | N6: Projektannahme | O6: Projektleitung | P6: Kostenberechnung | Q6: Geplant | R6: Beispielwert
A7: Ja | B7: 100 | C7: =IF(B7="","",IFERROR(VLOOKUP(B7,Listen!$A$3:$B$10,2,FALSE),"")) -> Grundstück | D7: 120 | E7: Grundstücksnebenkosten | F7: Notar, Grundbuch, Erwerbsnebenkosten | G7: 1 | H7: pauschal | I7: 12000 | J7: 0 | K7: =IF($A7="Ja",IFERROR($G7*$I7*(1+$J7),0),0) -> 12000 | L7: =Übersicht!$E$8 -> 0.19 | M7: =IFERROR($K7*(1+$L7),0) -> 14280 | N7: Erfahrungswert | O7: Projektleitung | P7: Kostenberechnung | Q7: Geplant
A8: Ja | B8: 200 | C8: =IF(B8="","",IFERROR(VLOOKUP(B8,Listen!$A$3:$B$10,2,FALSE),"")) -> Vorbereitende Maßnahmen | D8: 210 | E8: Herrichten / Abbruch | F8: Rückbau kleiner Bestandsflächen | G8: 1 | H8: pauschal | I8: 8000 | J8: 0.05 | K8: =IF($A8="Ja",IFERROR($G8*$I8*(1+$J8),0),0) -> 8400 | L8: =Übersicht!$E$8 -> 0.19 | M8: =IFERROR($K8*(1+$L8),0) -> 9996 | N8: Schätzung | O8: Bauleitung | P8: Kostenberechnung | Q8: Angefragt
A9: Ja | B9: 200 | C9: =IF(B9="","",IFERROR(VLOOKUP(B9,Listen!$A$3:$B$10,2,FALSE),"")) -> Vorbereitende Maßnahmen | D9: 220 | E9: Baustelleneinrichtung | F9: Einrichtung, Sicherung und temporäre Anschlüsse | G9: 1 | H9: pauschal | I9: 15000 | J9: 0.05 | K9: =IF($A9="Ja",IFERROR($G9*$I9*(1+$J9),0),0) -> 15750 | L9: =Übersicht!$E$8 -> 0.19 | M9: =IFERROR($K9*(1+$L9),0) -> 18742.5 | N9: Schätzung | O9: Bauleitung | P9: Kostenberechnung | Q9: Geplant
A10: Ja | B10: 300 | C10: =IF(B10="","",IFERROR(VLOOKUP(B10,Listen!$A$3:$B$10,2,FALSE),"")) -> Bauwerk – Baukonstruktionen | D10: 310 | E10: Erdarbeiten | F10: Aushub und Verfüllung | G10: 350 | H10: m³ | I10: 45 | J10: 0.08 | K10: =IF($A10="Ja",IFERROR($G10*$I10*(1+$J10),0),0) -> 17010 | L10: =Übersicht!$E$8 -> 0.19 | M10: =IFERROR($K10*(1+$L10),0) -> 20241.9 | N10: Kennwert | O10: Bauleitung | P10: Kostenberechnung | Q10: Geplant
A11: Ja | B11: 300 | C11: =IF(B11="","",IFERROR(VLOOKUP(B11,Listen!$A$3:$B$10,2,FALSE),"")) -> Bauwerk – Baukonstruktionen | D11: 320 | E11: Gründung | F11: Bodenplatte und Fundamentbereiche | G11: 220 | H11: m² | I11: 145 | J11: 0.08 | K11: =IF($A11="Ja",IFERROR($G11*$I11*(1+$J11),0),0) -> 34452 | L11: =Übersicht!$E$8 -> 0.19 | M11: =IFERROR($K11*(1+$L11),0) -> 40997.88 | N11: Kennwert | O11: Tragwerksplaner | P11: Kostenberechnung | Q11: Geprüft
A12: Ja | B12: 300 | C12: =IF(B12="","",IFERROR(VLOOKUP(B12,Listen!$A$3:$B$10,2,FALSE),"")) -> Bauwerk – Baukonstruktionen | D12: 330 | E12: Außenwände | F12: Mauerwerk / Fassadenanteil | G12: 480 | H12: m² | I12: 190 | J12: 0.07 | K12: =IF($A12="Ja",IFERROR($G12*$I12*(1+$J12),0),0) -> 97584 | L12: =Übersicht!$E$8 -> 0.19 | M12: =IFERROR($K12*(1+$L12),0) -> 116124.96 | N12: Kennwert | O12: Architekt | P12: Kostenberechnung | Q12: Geplant
A13: Ja | B13: 300 | C13: =IF(B13="","",IFERROR(VLOOKUP(B13,Listen!$A$3:$B$10,2,FALSE),"")) -> Bauwerk – Baukonstruktionen | D13: 360 | E13: Dachkonstruktion | F13: Dachtragwerk inklusive Abdichtung | G13: 240 | H13: m² | I13: 170 | J13: 0.06 | K13: =IF($A13="Ja",IFERROR($G13*$I13*(1+$J13),0),0) -> 43248 | L13: =Übersicht!$E$8 -> 0.19 | M13: =IFERROR($K13*(1+$L13),0) -> 51465.12 | N13: Kennwert | O13: Architekt | P13: Kostenberechnung | Q13: Geplant
A14: Ja | B14: 400 | C14: =IF(B14="","",IFERROR(VLOOKUP(B14,Listen!$A$3:$B$10,2,FALSE),"")) -> Bauwerk – Technische Anlagen | D14: 410 | E14: Sanitäranlagen | F14: Bäder, Leitungen und Sanitärobjekte | G14: 18 | H14: Stück | I14: 3500 | J14: 0.05 | K14: =IF($A14="Ja",IFERROR($G14*$I14*(1+$J14),0),0) -> 66150 | L14: =Übersicht!$E$8 -> 0.19 | M14: =IFERROR($K14*(1+$L14),0) -> 78718.5 | N14: Kennwert | O14: TGA-Planer | P14: Kostenberechnung | Q14: Geplant
A15: Ja | B15: 400 | C15: =IF(B15="","",IFERROR(VLOOKUP(B15,Listen!$A$3:$B$10,2,FALSE),"")) -> Bauwerk – Technische Anlagen | D15: 420 | E15: Heizungsanlage | F15: Wärmeerzeugung und Verteilung | G15: 1 | H15: pauschal | I15: 42000 | J15: 0.05 | K15: =IF($A15="Ja",IFERROR($G15*$I15*(1+$J15),0),0) -> 44100 | L15: =Übersicht!$E$8 -> 0.19 | M15: =IFERROR($K15*(1+$L15),0) -> 52479 | N15: Angebot | O15: TGA-Planer | P15: Kostenberechnung | Q15: Angebot erhalten
A16: Ja | B16: 400 | C16: =IF(B16="","",IFERROR(VLOOKUP(B16,Listen!$A$3:$B$10,2,FALSE),"")) -> Bauwerk – Technische Anlagen | D16: 440 | E16: Elektroinstallation | F16: Starkstrom, Beleuchtung, Unterverteilung | G16: 620 | H16: m² | I16: 95 | J16: 0.05 | K16: =IF($A16="Ja",IFERROR($G16*$I16*(1+$J16),0),0) -> 61845 | L16: =Übersicht!$E$8 -> 0.19 | M16: =IFERROR($K16*(1+$L16),0) -> 73595.55 | N16: Kennwert | O16: TGA-Planer | P16: Kostenberechnung | Q16: Geplant
A17: Ja | B17: 400 | C17: =IF(B17="","",IFERROR(VLOOKUP(B17,Listen!$A$3:$B$10,2,FALSE),"")) -> Bauwerk – Technische Anlagen | D17: 430 | E17: Lüftung | F17: Dezentrale Lüftungseinheiten | G17: 1 | H17: pauschal | I17: 18000 | J17: 0.08 | K17: =IF($A17="Ja",IFERROR($G17*$I17*(1+$J17),0),0) -> 19440 | L17: =Übersicht!$E$8 -> 0.19 | M17: =IFERROR($K17*(1+$L17),0) -> 23133.6 | N17: Schätzung | O17: TGA-Planer | P17: Kostenberechnung | Q17: Geplant
A18: Ja | B18: 500 | C18: =IF(B18="","",IFERROR(VLOOKUP(B18,Listen!$A$3:$B$10,2,FALSE),"")) -> Außenanlagen und Freiflächen | D18: 510 | E18: Wege und Zufahrten | F18: Pflasterflächen und Zufahrt | G18: 180 | H18: m² | I18: 85 | J18: 0.05 | K18: =IF($A18="Ja",IFERROR($G18*$I18*(1+$J18),0),0) -> 16065 | L18: =Übersicht!$E$8 -> 0.19 | M18: =IFERROR($K18*(1+$L18),0) -> 19117.35 | N18: Kennwert | O18: Außenanlagen | P18: Kostenberechnung | Q18: Geplant
... A26: Ja | B26: 800 | C26: =IF(B26="","",IFERROR(VLOOKUP(B26,Listen!$A$3:$B$10,2,FALSE),"")) -> Finanzierung | D26: 820 | E26: Zinsen / Gebühren | F26: Zwischenfinanzierung und Nebenkosten | G26: 1 | H26: pauschal | I26: 8500 | J26: 0 | K26: =IF($A26="Ja",IFERROR($G26*$I26*(1+$J26),0),0) -> 8500 | L26: =Übersicht!$E$8 -> 0.19 | M26: =IFERROR($K26*(1+$L26),0) -> 10115 | N26: Schätzung | O26: Bauherr | P26: Kostenberechnung | Q26: Geplant
C27: =IF(B27="","",IFERROR(VLOOKUP(B27,Listen!$A$3:$B$10,2,FALSE),"")) | K27: =IF($A27="Ja",IFERROR($G27*$I27*(1+$J27),0),0) -> 0 | L27: =Übersicht!$E$8 -> 0.19 | M27: =IFERROR($K27*(1+$L27),0) -> 0
C28: =IF(B28="","",IFERROR(VLOOKUP(B28,Listen!$A$3:$B$10,2,FALSE),"")) | K28: =IF($A28="Ja",IFERROR($G28*$I28*(1+$J28),0),0) -> 0 | L28: =Übersicht!$E$8 -> 0.19 | M28: =IFERROR($K28*(1+$L28),0) -> 0
C29: =IF(B29="","",IFERROR(VLOOKUP(B29,Listen!$A$3:$B$10,2,FALSE),"")) | K29: =IF($A29="Ja",IFERROR($G29*$I29*(1+$J29),0),0) -> 0 | L29: =Übersicht!$E$8 -> 0.19 | M29: =IFERROR($K29*(1+$L29),0) -> 0
C30: =IF(B30="","",IFERROR(VLOOKUP(B30,Listen!$A$3:$B$10,2,FALSE),"")) | K30: =IF($A30="Ja",IFERROR($G30*$I30*(1+$J30),0),0) -> 0 | L30: =Übersicht!$E$8 -> 0.19 | M30: =IFERROR($K30*(1+$L30),0) -> 0
C31: =IF(B31="","",IFERROR(VLOOKUP(B31,Listen!$A$3:$B$10,2,FALSE),"")) | K31: =IF($A31="Ja",IFERROR($G31*$I31*(1+$J31),0),0) -> 0 | L31: =Übersicht!$E$8 -> 0.19 | M31: =IFERROR($K31*(1+$L31),0) -> 0
C32: =IF(B32="","",IFERROR(VLOOKUP(B32,Listen!$A$3:$B$10,2,FALSE),"")) | K32: =IF($A32="Ja",IFERROR($G32*$I32*(1+$J32),0),0) -> 0 | L32: =Übersicht!$E$8 -> 0.19 | M32: =IFERROR($K32*(1+$L32),0) -> 0
C33: =IF(B33="","",IFERROR(VLOOKUP(B33,Listen!$A$3:$B$10,2,FALSE),"")) | K33: =IF($A33="Ja",IFERROR($G33*$I33*(1+$J33),0),0) -> 0 | L33: =Übersicht!$E$8 -> 0.19 | M33: =IFERROR($K33*(1+$L33),0) -> 0
C34: =IF(B34="","",IFERROR(VLOOKUP(B34,Listen!$A$3:$B$10,2,FALSE),"")) | K34: =IF($A34="Ja",IFERROR($G34*$I34*(1+$J34),0),0) -> 0 | L34: =Übersicht!$E$8 -> 0.19 | M34: =IFERROR($K34*(1+$L34),0) -> 0
C35: =IF(B35="","",IFERROR(VLOOKUP(B35,Listen!$A$3:$B$10,2,FALSE),"")) | K35: =IF($A35="Ja",IFERROR($G35*$I35*(1+$J35),0),0) -> 0 | L35: =Übersicht!$E$8 -> 0.19 | M35: =IFERROR($K35*(1+$L35),0) -> 0
C36: =IF(B36="","",IFERROR(VLOOKUP(B36,Listen!$A$3:$B$10,2,FALSE),"")) | K36: =IF($A36="Ja",IFERROR($G36*$I36*(1+$J36),0),0) -> 0 | L36: =Übersicht!$E$8 -> 0.19 | M36: =IFERROR($K36*(1+$L36),0) -> 0
C37: =IF(B37="","",IFERROR(VLOOKUP(B37,Listen!$A$3:$B$10,2,FALSE),"")) | K37: =IF($A37="Ja",IFERROR($G37*$I37*(1+$J37),0),0) -> 0 | L37: =Übersicht!$E$8 -> 0.19 | M37: =IFERROR($K37*(1+$L37),0) -> 0
C38: =IF(B38="","",IFERROR(VLOOKUP(B38,Listen!$A$3:$B$10,2,FALSE),"")) | K38: =IF($A38="Ja",IFERROR($G38*$I38*(1+$J38),0),0) -> 0 | L38: =Übersicht!$E$8 -> 0.19 | M38: =IFERROR($K38*(1+$L38),0) -> 0
... C45: =IF(B45="","",IFERROR(VLOOKUP(B45,Listen!$A$3:$B$10,2,FALSE),"")) | K45: =IF($A45="Ja",IFERROR($G45*$I45*(1+$J45),0),0) -> 0 | L45: =Übersicht!$E$8 -> 0.19 | M45: =IFERROR($K45*(1+$L45),0) -> 0
J47: Gesamtsumme netto | K47: =SUM(K6:K45) -> 700774 | L47: Gesamtsumme brutto | M47: =SUM(M6:M45) -> 833921.06

Sheet Listen
A1: Hilfslisten für Dropdowns und Formeln
A2: KG | B2: Kostengruppe | D2: Einheit | F2: Planungsphase | H2: Status | J2: Aktiv
A3: 100 | B3: Grundstück | D3: m² | F3: Kostenrahmen | H3: Geplant | J3: Ja
A4: 200 | B4: Vorbereitende Maßnahmen | D4: m³ | F4: Kostenschätzung | H4: Angefragt | J4: Nein
A5: 300 | B5: Bauwerk – Baukonstruktionen | D5: m | F5: Kostenberechnung | H5: Angebot erhalten
A6: 400 | B6: Bauwerk – Technische Anlagen | D6: Stück | F6: Kostenanschlag | H6: Geprüft
A7: 500 | B7: Außenanlagen und Freiflächen | D7: pauschal | F7: Kostenfeststellung | H7: Freigegeben
A8: 600 | B8: Ausstattung und Kunstwerke | D8: kg
A9: 700 | B9: Baunebenkosten | D9: t
A10: 800 | B10: Finanzierung | D10: h
D11: lfm
